 Dungeon Crawl Stone Soup version 0.29.0-4-gdea44cf6ec (webtiles) character file.

Game seed: 13398951773626828860

3210 iguanaiguana the Thaumaturge (level 10, -2/73 HPs)
             Began as a Djinni Arcane Marksman on Aug 27, 2022.
             Was a Follower of Makhleb.
             Slain by a two-headed ogre
             ... wielding a +0 giant club
              (29 damage)
             ... on level 8 of the Dungeon.
             The game lasted 00:22:48 (10734 turns).

iguanaiguana the Thaumaturge (DjAM)                Turns: 10734, Time: 00:22:49

Health: -2/73      AC: 15    Str:  9    XL:     10   Next: 17%
Gold:   200        EV: 12    Int: 20    God:    Makhleb [*.....] SH:  0 Dex: 13

rFire   + + +      SeeInvis +   M - +4 dagger (flame)
rCold   . . .      Faith    .   (no shield)
rNeg    . . .      Spirit   .   a - +5 robe of Night {Dark Will+ SInv}
rPois   ∞          Reflect  .   L - +0 helmet
rElec   .          Harm     .   G - scarf {rC+ rF+}
rCorr   .          Rampage  .   j - +2 pair of gloves
Will    ++...                   (boots unavailable)
Stlth   ++........              F - amulet of regeneration
HPRegen 1.02/turn               J - +4 ring of protection
MPRegen 0.00/turn               (no ring)

@: flying, invisible
A: sickness immunity, fire resistance 2, cold vulnerability 1, float, innate
caster, HP casting, extra vitality 1
a: Renounce Religion


You were on level 8 of the Dungeon.
You worshipped Makhleb.
Makhleb was aware of your devotion.
You visited 2 branches of the dungeon, and saw 9 of its levels.
You also visited: Sewer and Ossuary.

You collected 648 gold pieces.
You spent 448 gold pieces at shops.

Inventory:

Hand Weapons
 M - a +4 dagger of flaming (weapon)
Missiles
 n - 6 boomerangs
 p - 21 poisoned darts
 D - 5 javelins
Armour
 a - the +5 robe of Night (worn) {Dark Will+ SInv}
   (You found it on level 7 of the Dungeon)

   It shrouds the wearer in darkness, reducing the range at which they can see
   and be seen by others.
   SInv:      It lets you see invisible.
   Will:      It increases your willpower.
 j - a +2 pair of gloves (worn)
 G - a scarf of resistance (worn)
 L - a +0 helmet (worn)
Magical Staves
 C - a staff of cold
Jewellery
 c - a ring of positive energy
 F - an amulet of regeneration (around neck)
 J - a +4 ring of protection (left hand)
Wands
 H - a wand of flame (24)
Scrolls
 b - a scroll of poison
 d - 2 scrolls of vulnerability
 e - 6 scrolls of teleportation {@r3}
 g - a scroll of enchant armour
 h - a scroll of fear
 m - 2 scrolls of noise
 v - a scroll of magic mapping {@r5}
 x - 3 scrolls of identify {@r1}
 y - 2 scrolls of immolation {unknown}
 A - 2 scrolls of enchant weapon {unknown}
 B - a scroll of fog {unknown}
 I - 2 scrolls of blinking {unknown}
Potions
 f - 8 potions of flight
 i - 6 potions of curing {@q1}
 k - 3 potions of might {@q3}
 l - 2 potions of lignification
 o - 3 potions of mutation {unknown}
 r - 2 potions of resistance {unknown}
 s - 3 potions of degeneration
 t - 2 potions of berserk rage {unknown}
 u - a potion of invisibility
 w - 3 potions of brilliance {unknown}
 z - a potion of heal wounds {@q2}
 E - 2 potions of attraction {unknown}


   Skills:
 - Level 6.7 Fighting
 + Level 1.7 Short Blades
 - Level 1.9 Ranged Weapons
 - Level 2.6 Dodging
 + Level 1.7 Stealth
 - Level 9.1 Spellcasting


You had 6 spell levels left.
You knew the following spells:

 Your Spells              Type           Power      Damage    Failure   Level
a - Magic Dart            Conj           100%       1d8       1%          1
b - Inner Flame           Hex/Fire       45%        N/A       1%          3
c - Mephitic Cloud        Conj/Pois/Air  45%        N/A       1%          3
d - Animate Dead          Necr           45%        N/A       1%          4
e - Slow                  Hex            100%       N/A       1%          1
f - Ensorcelled Hibernat  Hex/Ice        90%        N/A       1%          2
g - Portal Projectile     Hex/Tloc       90%        N/A       1%          3
h - Cause Fear            Hex            22%        N/A       1%          4
Your spell library was empty.

Dungeon Overview and Level Annotations

Branches:
Dungeon (8/15) Zot: 26386  Temple (1/1) D:4 Zot: 5904   Sewer (visited)
Ossuary (visited)
   Lair: D:8-11

Altars:
Ashenzari
Cheibriados
Elyvilon
Hepliaklqana
Makhleb
Nemelex Xobeh
Okawaru
Qazlal
Trog
Uskayaw
Wu Jian
Xom
Yredelemnul
Zin
The Shining One

Shops:
D:2 (   D:3 [   D:4 (   D:5 :


Innate Abilities, Weirdness & Mutations

You are immune to sickness and miasma.
You are immune to poison.
Your flesh is very heat resistant. (rF++)
You are vulnerable to cold. (rC-)
You float through the air rather than walking.
You learn spells naturally, not from books.
Your magical power is your life essence.
You have superior vitality. (+4 MHP)


Message History

Confirm with . or Enter, or press ? or * to list all spells.
Aiming: Mephitic Cloud (safe; 1% risk of failure)
Press: ? - help, Shift-Dir - straight line, f - two-headed ogre
Aim: a two-headed ogre, wielding a +0 giant club and a +0 giant spiked club (chance to affect: 53%)
The ball explodes into a vile cloud!
You hear a shout!
The two-headed ogre is engulfed in noxious fumes.
The two-headed ogre is engulfed in noxious fumes.
Casting: Mephitic Cloud (safe; 1% risk of failure)
Confirm with . or Enter, or press ? or * to list all spells.
Aiming: Mephitic Cloud (safe; 1% risk of failure)
Press: ? - help, Shift-Dir - straight line, f/p - two-headed ogre
Aim: a two-headed ogre, wielding a +0 giant club and a +0 giant spiked club (chance to affect: 53%)
The ball explodes into a vile cloud!
A cyclops opens the door.
The two-headed ogre is engulfed in noxious fumes.
Okay, then.
Casting: Mephitic Cloud (safe; 1% risk of failure)
Confirm with . or Enter, or press ? or * to list all spells.
Aiming: Mephitic Cloud (safe; 1% risk of failure)
Press: ? - help, Shift-Dir - straight line, p - two-headed ogre The ball explodes into a vile cloud!
The cyclops throws a large rock.
The large rock hits you!
The two-headed ogre is engulfed in noxious fumes.
The two-headed ogre hits you with a +0 giant club!!
* * * LOW HITPOINT WARNING * * *
The two-headed ogre hits you with a +0 giant spiked club!
* * * LOW HITPOINT WARNING * * *
You feel much better.
The two-headed ogre is engulfed in noxious fumes.
The two-headed ogre appears confused.
Okay, then.
You fade into invisibility!
The two-headed ogre is engulfed in noxious fumes.
The two-headed ogre appears confused.
The two-headed ogre hits you with a +0 giant spiked club!
* * * LOW HITPOINT WARNING * * *
The two-headed ogre is engulfed in noxious fumes.
The two-headed ogre appears confused.
The two-headed ogre hits you with a +0 giant club!!
You die...

#....# #.....#
.....# #.....#
.#.#.# .....
.....# .○.
.#.### ###
###)### .#.##
...##°....#
#...##
....#§.○☼.#
.###.#####
....C.O8☼○'.. .#
#.....#
....#@....#..
.###.##### ...
#.....# . ....##
## #.....#####
.#.####
#.....#.#.#
......#
##........#
##.##.#
#####..###
......##### #.##
.#.#......######
#.#
.#....###......#
#.#


You could see a two-headed ogre (confused, unable to see you) and a cyclops
(unable to see you).

Vanquished Creatures
  2 dream sheep (D:7)
  2 shadows (D:7)
  An orc warrior (D:8)
  2 ice beasts
  4 ogres
  A phantom (D:4)
  2 centaurs
  3 kobold brigands
  3 scorpions
  2 necrophages
  5 wights (D:6)
  2 jellies
  2 orc priests
  3 gnoll boudas
  3 iguanas
  7 orc wizards
  8 mummies (Ossuary)
  13 gnolls
  12 adders
  3 white imps
  2 ufetubi
  A worm (D:2)
  A dart slug (D:2)
  16 orcs
  6 endoplasms
  3 giant cockroaches
  A gnoll zombie (Ossuary)
  7 goblins
  5 hobgoblins
  3 jackals (D:2)
  21 kobolds
  4 quokkas
  9 ball pythons
  6 bats
  4 frilled lizards
  4 hobgoblin zombies (Ossuary)
  3 kobold zombies (Ossuary)
  11 rats
187 creatures vanquished.

Vanquished Creatures (others)
  3 gnoll zombies (D:7)
  2 orc zombies (D:7)
5 creatures vanquished.

Grand Total: 192 creatures vanquished

Notes
Turn   | Place    | Note
-------+----------+-------------------------------------------
     0 | D:1      | iguanaiguana the Djinni Arcane Marksman began the quest for
                  | the Orb.
     0 | D:1      | iguanaiguana set off with the following spells memorised:
                  | Slow, Inner Flame, Portal Projectile, Cause Fear.
     0 | D:1      | Reached XP level 1. HP: 17/17 MP: 0/0
    32 | D:1      | You are sucked into a shaft and drop 1 floor!
   260 | D:1      | Reached XP level 2. HP: 20/22 MP: 0/0
  1058 | D:1      | Reached XP level 3. HP: 27/27 MP: 0/0
  1058 | D:1      | Learned a level 1 spell: Magic Dart
  1549 | D:2      | Found Samaur's Weapon Boutique.
  1831 | D:2      | Reached skill level 3 in Spellcasting
  1897 | D:2      | Reached XP level 4. HP: 19/32 MP: 0/0
  3083 | D:3      | Found Ameg's Armour Shop.
  3190 | D:3      | Found a glowing drain.
  3226 | Sewer    | Entered a sewer
  3232 | Sewer    | Reached XP level 5. HP: 29/37 MP: 0/0
  3232 | Sewer    | Learned a level 2 spell: Ensorcelled Hibernation
  3376 | Sewer    | Noticed a kobold brigand
  3395 | Sewer    | Killed a kobold brigand
  3396 | Sewer    | Reached skill level 4 in Spellcasting
  3609 | Sewer    | Noticed a kobold brigand
  3825 | Sewer    | Killed a kobold brigand
  3826 | Sewer    | Reached XP level 6. HP: 26/42 MP: 0/0
  4668 | D:4      | Reached skill level 5 in Spellcasting
  4673 | D:4      | Noticed an ogre
  4929 | D:4      | Found a sand-covered staircase.
  4937 | Ossuary  | Entered an ossuary
  4950 | Ossuary  | Reached XP level 7. HP: 30/47 MP: 0/0
  4950 | Ossuary  | Learned a level 3 spell: Mephitic Cloud
  5345 | D:4      | Reached skill level 6 in Spellcasting
  5637 | D:4      | Found a staircase to the Ecumenical Temple.
  5649 | Temple   | Entered the Ecumenical Temple
  5726 | Temple   | Became a worshipper of Makhleb the Destroyer
  6156 | D:4      | Found Keared's Weapon Shoppe.
  6278 | D:4      | Reached XP level 8. HP: 45/52 MP: 0/0
  6456 | D:5      | Entered Level 5 of the Dungeon
  6592 | D:4      | Reached skill level 7 in Spellcasting
  6710 | D:5      | Found Forotann's Self-Improvement Boutique.
  7692 | D:3      | Bought a scarf of resistance for 448 gold pieces
  8199 | D:6      | Reached skill level 8 in Spellcasting
  8199 | D:6      | Reached XP level 9. HP: 56/58 MP: 0/0
  8199 | D:6      | Learned a level 4 spell: Animate Dead
  8791 | D:6      | Reached skill level 9 in Spellcasting
  9180 | D:7      | Reached * piety under Makhleb
  9931 | D:7      | Reached skill level 5 in Fighting
  9944 | D:7      | Reached XP level 10. HP: 58/72 MP: 0/0
 10034 | D:7      | Found the +5 robe of Night {Dark Will+ SInv}
 10209 | D:8      | Found a broken altar of Ashenzari.
 10266 | D:8      | Reached skill level 1 in Short Blades
 10266 | D:8      | Reached skill level 1 in Stealth
 10726 | D:8      | Noticed a two-headed ogre
 10730 | D:8      | Noticed a cyclops
 10734 | D:8      | Slain by a two-headed ogre

Illustrated notes

Levels and vault maps discovered:
D:1:      heliophobic_arrival_glass_houses, layout_loops_ring,
          minmay_fountain_box, kennysheep_small_spiral, minmay_box_of_dots
D:2:      layout_basic, serial_shops, shop_statue
D:3:      layout_loops_cross, cheibrodos_sewer_entry_sluice, serial_shops, shop
D:4:      minmay_angry_zag, layout_basic, minmay_temple_entry_arrows,
          serial_shops, shop, lightli_ossuary_entry_decrepit_ruins
D:5:      layout_layer_cave, nicolae_shop_self_help
D:6:      layout_loops_corners, hangedman_glass_teeth
D:7:      nicolae_cairo_tiling_large_dashed, layout_loops_ring,
          hellmonk_guarded_unrand_night
D:8:      layout_loops_cross, nicolae_ashenzari_panopticon, minmay_three_doors
Temple:   regret_index_temple_sigil_plot

Skill      XL: |  1  2  3  4  5  6  7  8  9 10 |
---------------+-------------------------------+-----
Spellcasting   | 3 4 5 6 8 9 |  9.1
Fighting       | 6 |  6.7
Short Blades   | 1 |  1.7
Stealth        | 1 |  1.7
Ranged Weapons | |  1.9
Dodging        | |  2.6

Action                   |  1- 3 |  4- 6 |  7- 9 | 10-12 || total
-------------------------+-------+-------+-------+-------++-------
Melee: Staff             |       |       |     1 |       ||     1
       Dagger            |       |       |    21 |       ||    21
 Fire: Sling             |    46 |       |       |       ||    46
 Cast: Slow              |    21 |       |       |       ||    21
       Magic Dart        |    45 |   133 |   141 |    18 ||   337
       Inner Flame       |       |     6 |    52 |    15 ||    73
       Mephitic Cloud    |       |       |     8 |     3 ||    11
       Ensorcelled Hiber |       |       |     1 |       ||     1
       Animate Dead      |       |       |     2 |       ||     2
       Cause Fear        |       |       |     1 |       ||     1
  Use: Scroll            |       |     7 |     5 |       ||    12
       Potion            |       |     4 |     1 |     2 ||     7
 Stab: Confused          |       |       |     1 |       ||     1
Armor: Robe              |     5 |     8 |    12 |       ||    25
Dodge: Dodged            |    15 |    35 |    28 |     4 ||    82
